 Dungeon Crawl Stone Soup version 0.30-a0-793-g160f7cfddd (webtiles) character file.

Game seed: 12445770310659980822

454 domi the Chopper (level 7, 0/61 HPs)
             Began as a Hill Orc Monk on Feb 19, 2023.
             Was a Priest of Beogh.
             Slain by a gnoll sergeant
             ... wielding a +1 spear of flaming
              (4 damage)
             ... on level 5 of the Dungeon.
             The game lasted 00:07:42 (3470 turns).

domi the Chopper (Hill Orc Monk)                    Turns: 3470, Time: 00:07:43

Health: 0/61       AC: 11    Str: 14    XL:     7   Next: 5%
Magic:  7/7        EV:  7    Int: 12    God:    Beogh [***...]
Gold:   223        SH:  0    Dex: 13    Spells: 6/6 levels left

rFire   . . .      SeeInvis .    n - +0 war axe (flame)
rCold   . . .      Faith    +    (no shield)
rNeg    . . .      Spirit   .    k - +0 chain mail
rPois   .          Reflect  .    (no helmet)
rElec   .          Harm     .    e - +0 cloak
rCorr   .          Rampage  .    w - +0 pair of gloves
Will    .....                    (no boots) Stlth
                                 h - amulet of faith {Faith, !P!P}
HPRegen 0.30/turn                (no ring)
MPRegen 0.10/turn                (no ring)

@: no status effects
A: no striking features
a: Renounce Religion, Smiting


You were on level 5 of the Dungeon.
You worshipped Beogh.
Beogh was most pleased with you.
You visited 1 branch of the dungeon, and saw 4 of its levels.
You also visited: Sewer.

You collected 223 gold pieces.

Inventory:

Hand Weapons
 a - a +0 hand axe
 n - a +0 war axe of flaming (weapon)
   (You took it off a kobold on level 2 of the Dungeon)
 s - the +7 spear "Piemm" {heavy, rElec rN++ Int+2 SInv}
   (You found it on level 2 of the Dungeon)

   Int:       It affects your intelligence (+2).
   rElec:     It insulates you from electricity.
   rN:        It greatly protects you from negative energy.
   SInv:      It lets you see invisible.
Armour
 b - a +0 robe
 e - a +0 cloak (worn)
   (You found it on level 1 of the Dungeon)
 j - an orb of wrath
   (You found it on level 5 of the Dungeon)
 k - a +0 chain mail (worn)
   (You found it on level 1 of the Dungeon)
 w - a +0 pair of gloves (worn)
   (You found it on level 3 of the Dungeon)
Magical Staves
 l - a staff of fire {rF+}
   (You found it in a sewer)
Jewellery
 h - an amulet of faith (around neck) {Faith, !P!P}
   (You found it on level 5 of the Dungeon)
 r - a ring of fire {rF+, rC-}
   (You found it on level 2 of the Dungeon)
Wands
 t - a wand of paralysis (6)
   (You found it on level 3 of the Dungeon)
Scrolls
 c - a scroll of amnesia
 i - 3 scrolls of identify {@r1}
Potions
 d - a potion of haste {@q3}
 g - a potion of cancellation
 v - a potion of might


   Skills:
 + Level 5.6 Fighting
 * Level 7.7 Axes
 + Level 3.5 Armour
 - Level 2.4 Dodging
 - Level 1.5 Stealth


You had 6 spell levels left.
You didn't know any spells.
Your spell library contained the following spells:

 Spells                   Type           Power      Damage    Failure   Level
 Kiss of Death            Conj/Necr      0%         2d5       100%        1
 Confusing Touch          Hex            0%         N/A       100%        3
 Mephitic Cloud           Conj/Pois/Air  0%         N/A       100%        3
 Vhi's Electric Charge    Tloc/Air       0%         N/A       100%        3
 Dispel Undead            Necr           0%         3d6       100%        4
 Summon Ice Beast         Ice/Summ       0%         N/A       100%        4
 Summon Mana Viper        Hex/Summ       0%         N/A       100%        5
 Monstrous Menagerie      Summ           0%         N/A       100%        7
 Storm Form               Tmut/Air       0%         N/A       100%        7


Dungeon Overview and Level Annotations

Branches:
Dungeon (5/15)              Sewer (visited)
 Temple: D:4-7

Altars:
Fedhas


Message History

The puff of frost hits you! The hound bites you.
You hit the hound. You burn the hound.
You kill the hound!
Beogh accepts your kill.
You slash the white imp! You burn the white imp.
You kill the white imp!
Beogh accepts your kill. The adder bites you but does no damage.
You have reached level 7!
You barely miss the adder. The adder barely misses you.
You barely miss the adder. The adder barely misses you. The adder bites you.
You slash the adder! You burn the adder.
You kill the adder!
Beogh accepts your kill.
No target in view!
An orc wizard comes into view. It is wielding a +0 dagger.
The orc wizard stares at you in amazement and kneels.
It asks, "Are you our saviour?" Beogh accepts your kill.
Beogh blesses a follower with ranged armament.
You feel a bit more experienced.
You hear a thunk.
Beogh accepts your kill.
You feel a bit more experienced.
Something surrenders.
It shouts, "I'll follow you!
Let me live!"
No target in view!
You swap places.
You see here an adder corpse.
There is a blossoming altar of Fedhas here.
A black bear comes into view.
The black bear growls angrily.
A gnoll comes into view. It is wielding a +0 flail.
An orc comes into view. It is wielding a +0 club.
The orc falls on its knees before you.
It says, "I'm so glad you are here now."
The black bear bites your orc!
Your orc dies!
The gnoll shouts!
There are monsters nearby!
There are monsters nearby!
A gnoll sergeant and a gnoll come into view.
The gnoll sergeant is wielding a +1 spear of flaming.
The gnoll sergeant shouts!
The gnoll shouts!
The gnoll sergeant drinks a potion.
The gnoll sergeant seems to speed up. 3 gnolls come into view.
The gnoll shouts! x3
The gnoll throws a stone.
The stone closely misses you.
There is an open door here.
The gnoll sergeant hits you from afar with a +1 spear of flaming.
The gnoll sergeant burns you.
The gnoll sergeant hits you but does no damage.
The gnoll sergeant hits you from afar with a +1 spear of flaming.
The gnoll sergeant burns you.
You hit the gnoll. You burn the gnoll. You closely miss the gnoll.
The gnoll hits you but does no damage.
The gnoll sergeant hits you from afar with a +1 spear of flaming.
The gnoll sergeant burns you. The gnoll barely misses you.
Bogmar wields a +0 arbalest.
Bogmar shoots a bolt.
The bolt hits the gnoll!
The gnoll dies!
Beogh accepts your kill.
You closely miss the black bear. You hit the gnoll but do no damage.
The gnoll sergeant hits you but does no damage.
The gnoll hits you with a +0 club. The gnoll sergeant closely misses you.
Your orc barely misses the gnoll.
The black bear bites you. The black bear claws you.
The black bear claws you but does no damage.
Bogmar shoots a bolt.
The bolt closely misses the black bear.
The gnoll hits you but does no damage. The gnoll hits your orc with a +0 club.
You slash the black bear! You burn the black bear. You slash the gnoll!
You burn the gnoll. You hit the gnoll but do no damage.
The gnoll sergeant hits you from afar with a +1 spear of flaming.
The gnoll sergeant burns you.
Your orc hits the gnoll with a +0 whip.
The black bear bites you but does no damage.
The black bear closely misses you.
The black bear claws you but does no damage.
Bogmar shoots a bolt.
The bolt misses the black bear.
The gnoll sergeant hits you but does no damage.
The gnoll hits your orc but does no damage.
The gnoll hits you but does no damage.
You closely miss the black bear. You hit the gnoll but do no damage. x2
The gnoll sergeant hits you from afar with a +1 spear of flaming!
The gnoll sergeant burns you.
Your orc hits the gnoll with a +0 whip. The black bear bites you.
The black bear claws you.
The black bear claws you but does no damage.
The gnoll hits Bogmar with a +0 club.
The gnoll hits your orc but does no damage.
You hit the black bear but do no damage.
You closely miss the gnoll. You barely miss the gnoll.
The gnoll sergeant hits you from afar with a +1 spear of flaming.
* * * LOW HITPOINT WARNING * * *
The gnoll sergeant burns you.
* * * LOW HITPOINT WARNING * * *
Your orc hits the gnoll with a +0 whip.
The gnoll sergeant hits you from afar with a +1 spear of flaming!
* * * LOW HITPOINT WARNING * * *
The gnoll sergeant burns you.
You die...

,,,............#.##.###.#
***#...........#.*#.....######
~~,.#..........+,*#####).....#
,,~..#.........#** ####.####.#
_,~...#........# #..))# #.#
,,~..#.##....).### #....## #.#
~~,.#.#,..?....g.###.....###.##
***#?.,,......gho'....._..†...#
,,,.#,*.#.....gg@#.###.....##.#
,,***,*,,......go..# ##....##.#
,***,,***########..# #....##.#
***,,** #..####.#####.# ***,**
#.......#####.# **,,*
#.##.......##.# ,,,*****
#.########....# ,>,,,,,******
#.# #.#### ,,****,*,,,,* #.#
#.#


You could see a black bear (ally target), a gnoll sergeant (fast), 4 gnolls, the
friendly Bogmar the orc wizard and a friendly orc.

Vanquished Creatures
  Blork the orc (D:5)
  2 bullfrogs (Sewer)
  A hound (D:5)
  An orc priest (D:3)
  7 adders
  A white imp (D:5)
  3 worms
  A dart slug (D:1)
  4 orcs
  9 ball pythons
  6 bats
  11 endoplasms
  9 giant cockroaches
  9 goblins
  3 hobgoblins
  9 jackals
  13 quokkas
  7 frilled lizards
  4 kobolds
  2 rats
103 creatures vanquished.

Vanquished Creatures (collateral kills)
  A gnoll (D:5)
  An orc (D:5)
2 creatures vanquished.

Vanquished Creatures (others)
  An orc (D:5)
  A plant (D:2)
2 creatures vanquished.

Grand Total: 107 creatures vanquished

Notes
Turn   | Place    | Note
-------+----------+-------------------------------------------
     0 | D:1      | domi the Hill Orc Monk began the quest for the Orb.
     0 | D:1      | Reached XP level 1. HP: 19/19 MP: 1/1
    96 | D:1      | Reached XP level 2. HP: 10/27 MP: 2/2
   320 | D:1      | Reached skill level 1 in Armour
   381 | D:1      | Reached skill level 4 in Fighting
   508 | D:1      | Reached XP level 3. HP: 32/33 MP: 3/3
   981 | D:2      | Reached skill level 5 in Axes
  1367 | D:2      | Reached XP level 4. HP: 39/40 MP: 4/4
  1451 | D:2      | Identified the +7 spear "Piemm" {heavy, rElec rN++ Int+2
                  | SInv}
  1711 | D:2      | HP: 10/40 [poisoned by an adder]
  1928 | D:3      | Reached skill level 2 in Armour
  2035 | D:3      | Became a worshipper of Beogh the Brigand
  2035 | D:3      | Reached * piety under Beogh
  2035 | D:3      | Reached ** piety under Beogh
  2304 | D:3      | Reached XP level 5. HP: 38/47 MP: 5/5
  2346 | D:3      | You fall into a shaft and drop 2 floors!
  2346 | D:5      | Entered Level 5 of the Dungeon
  2376 | D:5      | Found a blossoming altar of Fedhas.
  2402 | D:5      | Noticed Blork the orc
  2441 | D:5      | Found a glowing drain.
  2454 | Sewer    | Entered a sewer
  2622 | Sewer    | Reached skill level 6 in Axes
  2956 | Sewer    | Reached *** piety under Beogh
  3109 | Sewer    | HP: 10/47 [bullfrog (5)]
  3110 | Sewer    | HP: 2/47 [bullfrog (6)]
  3111 | Sewer    | Reached skill level 5 in Fighting
  3111 | Sewer    | Reached skill level 3 in Armour
  3111 | Sewer    | Reached XP level 6. HP: 2/56 MP: 6/6
  3115 | Sewer    | Reached skill level 7 in Axes
  3299 | D:5      | Killed Blork the orc
  3374 | D:5      | Got the Compendium of the Birds
  3405 | D:5      | Reached XP level 7. HP: 48/61 MP: 7/7
  3419 | D:5      | Gained Bogmar as an ally
  3470 | D:5      | HP: 15/61 [gnoll sergeant/+1 spear of flaming (5)]
  3470 | D:5      | HP: 4/61 [gnoll sergeant/+1 spear of flaming (8)]
  3470 | D:5      | Slain by a gnoll sergeant

Illustrated notes

Levels and vault maps discovered:
D:1:      denvon_arrival_waterhouse, layout_basic
D:2:      layout_loops_ring, serial_bayou_pond_d, st_stairs_14,
          serial_bayou_pond_a
D:3:      cheibrodos_pilgrimage, layout_basic, minmay_bisected
D:5:      layout_basic, nicolae_overflow_crystal_walls, elyvilon_altar_3,
          nicolae_ru_awakened_eye, cheibrodos_sewer_entry_bend,
          uniq_blork_the_orc, uniq_grinder

Skill      XL: |  1  2  3  4  5  6 |
---------------+-------------------+-----
Armour         | 1 2 3 |  3.5
Fighting       | 4 5 |  5.6
Axes           | 5 6 7 |  7.7
Dodging        | |  2.4
Stealth        | |  1.5

Action                     |  1- 3 |  4- 6 |  7- 9 || total
---------------------------+-------+-------+-------++-------
  Melee: Hand axe          |   116 |       |       ||   116
         War axe           |    22 |   261 |     8 ||   291
         Punch             |     1 |     2 |       ||     3
 Invoke: Convert to Beogh  |       |     1 |       ||     1
    Use: Potion            |       |     5 |       ||     5
         Scroll            |       |    12 |       ||    12
   Stab: Sleeping          |     2 |       |       ||     2
 Armour: Robe              |    26 |       |       ||    26
         Chain mail        |    40 |   207 |    10 ||   257
  Dodge: Dodged            |   114 |   114 |     6 ||   234

Table legend: (Time is in decaauts)
 A = Elapsed time spent in this place.
 B = Non-inter-level travel time spent in this place.
 C = Inter-level travel time spent in this place.
 D = Time resting spent in this place.
 E = Time spent auto-exploring this place.
 F = Levels seen in this place.
 G = Mean time per level.
                   A        B        C        D        E       F      G
               +--------+--------+--------+--------+--------+-----+--------+
         Total |   3597 |   3456 |    141 |    519 |   2030 |   5 |  719.4 |
       Dungeon |   2669 |   2528 |    141 |    252 |   1718 |   4 |  667.2 |
         Sewer |    927 |    927 |      0 |    267 |    312 |   1 |  927.0 |
               +--------+--------+--------+--------+--------+-----+--------+

Top non-repeatable levels by time:
     D:1: 985 daAuts
   Sewer: 927 daAuts
     D:2: 811 daAuts
     D:3: 585 daAuts
     D:5: 286 daAuts

Table legend:
 A = Kills in this place as a percentage of kills in entire the game.
 B = Kills by you in this place as a percentage of kills by you in the entire game.
 C = Kills by friends in this place as a percentage of kills by friends in the entire game.
 D = Other kills in this place as a percentage of other kills in the entire game.
 E = Experience gained in this place as a percentage of experience gained in the entire game.
 F = Experience gained in this place divided by the number of levels of this place that you have seen.
                   A       B       C       D       E      F
               +-------+-------+-------+-------+-------+----------------------
         Total | 100.0 | 100.0 | 100.0 | 100.0 | 100.0 | 129.8
       Dungeon |  59.0 |  57.8 | 100.0 | 100.0 |  54.2 |  88.0
         Sewer |  41.0 |  42.2 |   0.0 |   0.0 |  45.8 | 297.0
               +-------+-------+-------+-------+-------+----------------------
